 Dungeon Crawl Stone Soup version 0.30-a0-358-g0d69a1922f (webtiles) character file.

Game seed: 12624398432725315612

228 KennySheep the Conjurer (level 6, -6/36 HPs)
             Began as a Tengu Reaver on Nov 9, 2022.
             Was a Follower of Sif Muna.
             Mangled by an ogre
             ... wielding a +0 giant club
              (24 damage)
             ... on level 4 of the Dungeon.
             The game lasted 00:13:40 (3409 turns).

KennySheep the Conjurer (Tengu Reaver)              Turns: 3409, Time: 00:13:40

Health: -6/36      AC:  4    Str: 13    XL:     6   Next: 2%
Magic:  0/10       EV: 18    Int: 13    God:    Sif Muna [*.....]
Gold:   273        SH:  0    Dex: 14    Spells: 2/9 levels left

rFire   . . .      SeeInvis .    a - +0 falchion
rCold   . . .      Faith    .    (no shield)
rNeg    . . .      Spirit   +    b - +0 leather armour
rPois   .          Reflect  .    (helmet restricted)
rElec   .          Harm     .    (no cloak)
rCorr   .          Rampage  .    m - +0 pair of gloves
Will    .....                    (boots unavailable)
Stlth   +.........               k - amulet of guardian spirit
HPRegen 0.26/turn                o - +4 ring of evasion
MPRegen 0.12/turn                (no ring)

@: immotile, flying quickly and evasively, quick
A: beak, talons 3, nimble flight
a: Renounce Religion, Channel Magic


You were on level 4 of the Dungeon.
You worshipped Sif Muna.
Sif Muna was aware of your devotion.
You visited 1 branch of the dungeon, and saw 4 of its levels.

You collected 273 gold pieces.

Inventory:

Hand Weapons
 a - a +0 falchion (weapon)
Armour
 b - a +0 leather armour (worn)
 m - a +0 pair of gloves (worn)
Jewellery
 k - an amulet of guardian spirit (around neck)
 o - a +4 ring of evasion (left hand)
Scrolls
 d - 2 scrolls of poison
 e - a scroll of vulnerability
 f - a scroll of enchant weapon {unknown}
 i - 4 scrolls of identify
 j - 2 scrolls of butterflies {unknown}
 l - 2 scrolls of teleportation
 p - 2 scrolls of noise {unknown}
 q - a scroll of immolation
Potions
 c - 2 potions of ambrosia {unknown}
 g - 2 potions of curing {unknown}
 h - 2 potions of berserk rage {unknown}
 n - a potion of lignification {unknown}
 r - a potion of flight {unknown}
 s - a potion of mutation {unknown}
 t - a potion of brilliance {unknown}


   Skills:
 - Level 2.6 Fighting
 - Level 3.9 Long Blades
 - Level 3.0 Dodging
 - Level 2.0 Spellcasting
 * Level 6.2 Conjurations
 * Level 2.2 Translocations


You had 2 spell levels left.
You knew the following spells:

 Your Spells              Type           Power      Damage    Failure   Level
a - Kiss of Death         Conj/Necr      36%        2d8       9%          1
b - Momentum Strike       Conj/Tloc      24%        3d8       9%          2
c - Iskenderun's Mystic   Conj/Tloc      12%        2d5       50%         4

Your spell library contained the following spells:

 Spells                   Type           Power      Damage    Failure   Level
 Hailstorm                Conj/Ice       9%         3d4       26%         3
 Gell's Gravitas          Tloc           7%         N/A       36%         3
 Lesser Beckoning         Tloc           14%        N/A       36%         3
 Teleport Other           Tloc           7%         N/A       36%         3
 Kindle Blastsparks       Fire/Tloc/Air  6%         2d10      56%         3
 Fulminant Prism          Conj/Hex       4%         3d5       65%         4
 Lee's Rapid Deconstruct  Erth           0%         3d4*      100%        5


Dungeon Overview and Level Annotations

Branches:
Dungeon (4/15)
 Temple: D:4-7

Altars:
Elyvilon
Sif Muna
Zin


Innate Abilities, Weirdness & Mutations

You have a beak for a mouth.
You have claws for feet.
Your magical nature lets you fly swiftly and evasively.


Message History

The hound misses you. The hound barely misses you.
You hit the hound.
The hound is moderately wounded.
The hound misses you.
You completely miss the hound.
The hound is moderately wounded.
The hound closely misses you. x2
You slash the hound! Your kick misses the hound. Your peck misses the hound.
The hound is severely wounded.
The hound closely misses you. The hound misses you.
You barely miss the hound. You claw the hound.
You kill the hound!
Sif Muna accepts your kill.
You have reached level 6!
A quokka comes into view.
The concentrated momentum misses the quokka.
The concentrated momentum misses the quokka.
The concentrated momentum hits the quokka!
The quokka dies!
You are unable to move.
You cannot move.
You cannot move.
You start resting.
You are no longer robbed of momentum.
You start resting.
An ogre is nearby!
An ogre is nearby!
Found 2 poisoned darts.
You see here a quokka corpse.
The concentrated momentum hits the ogre!
You are unable to move.
You hit the ogre but do no damage.
The ogre is heavily wounded.
The ogre hits you with a +0 giant club!!
Ouch! That really hurt!
You hit the ogre. You claw the ogre, but do no damage.
The ogre is heavily wounded.
The ogre hits you with a +0 giant club!!
Ouch! That really hurt!
You die...

##........##
###..#.....##
.....#....#.#
.........##.## #######
....#........# ......(
....#........####.......
...†...........#........
....................#
...........##.##@...#
...#$.........###O..#
...#..........# ...#
...#........##. ...#
#..........## . .....
##........## . ......
#...... ....... .......
#...... .O....


You could see an ogre.

Vanquished Creatures
  2 hounds (D:4)
  An orc wizard (D:3)
  Robin (D:4)
  3 adders
  An ufetubus (D:3)
  10 orcs (D:3)
  10 ball pythons
  6 bats
  6 endoplasms
  3 giant cockroaches
  14 goblins
  13 hobgoblins
  8 jackals
  2 quokkas (D:3)
  5 frilled lizards
  4 kobolds
  4 rats (D:2)
93 creatures vanquished.

Vanquished Creatures (others)
  A hound (D:3)
  An iguana (D:4)
  3 orcs
  A ball python (D:4)
  2 goblins (D:3)
  A quokka (D:4)
  A rat (D:3)
10 creatures vanquished.

Grand Total: 103 creatures vanquished

Notes
Turn   | Place    | Note
-------+----------+-------------------------------------------
     0 | D:1      | KennySheep the Tengu Reaver began the quest for the Orb.
     0 | D:1      | Reached XP level 1. HP: 12/12 MP: 4/4
   201 | D:1      | Reached XP level 2. HP: 17/17 MP: 6/6
   531 | D:1      | Reached XP level 3. HP: 22/22 MP: 7/7
  1170 | D:2      | Reached XP level 4. HP: 26/27 MP: 8/8
  1736 | D:3      | Found a shimmering blue altar of Sif Muna.
  1753 | D:3      | Became a worshipper of Sif Muna the Loreminder
  1787 | D:3      | Reached skill level 5 in Conjurations
  1807 | D:3      | Found a white marble altar of Elyvilon.
  1903 | D:3      | Reached skill level 1 in Translocations
  1914 | D:3      | Learned a level 2 spell: Momentum Strike
  1957 | D:3      | Found a glowing silver altar of Zin.
  2775 | D:4      | Gained mutation: Your magical nature lets you fly swiftly
                  | and evasively. [Tengu growth]
  2775 | D:4      | Reached XP level 5. HP: 31/31 MP: 5/9
  2789 | D:4      | Noticed an ogre
  2969 | D:4      | Noticed Robin
  3146 | D:3      | Learned a level 4 spell: Iskenderun's Mystic Blast
  3229 | D:3      | Reached * piety under Sif Muna
  3336 | D:4      | Killed Robin
  3341 | D:3      | Reached skill level 6 in Conjurations
  3379 | D:4      | Reached XP level 6. HP: 28/36 MP: 7/10
  3409 | D:4      | Mangled by an ogre

Illustrated notes

Levels and vault maps discovered:
D:1:      giann_horns, layout_basic, dreamdust_wishing_well,
          minmay_close_crescents
D:2:      layout_loops_ring, due_unseen_surprise
D:3:      layout_loops_ring, zin_scriptorium, mainiacjoe_overflow_chevrons,
          mainiacjoe_overflow_six_doors_small, kennysheep_path_1,
          kennysheep_generic_room_8
D:4:      layout_cave_pools, serial_column_ruins, column_ruins_hut_ruined,
          column_ruins_hut, column_ruins_corridor_plus, column_ruins_open_tiny,
          column_ruins_corridor_corner, column_ruins_columns_straight,
          column_ruins_grid_1, column_ruins_grid_3, uniq_robin

Skill      XL: |  1  2  3  4  5 |
---------------+----------------+-----
Dodging        | 3 |  3.0
Conjurations   | 5 6 |  6.2
Translocations | 1 2 |  2.2
Fighting       | |  2.6
Long Blades    | |  3.9
Spellcasting   | |  2.0

Action                   |  1- 3 |  4- 6 || total
-------------------------+-------+-------++-------
Melee: Falchion          |    80 |   164 ||   244
       Kick              |    19 |    42 ||    61
       Peck              |     9 |    24 ||    33
       Punch             |       |     1 ||     1
 Cast: Momentum Strike   |       |    21 ||    21
  Use: Scroll            |       |     4 ||     4
 Stab: Sleeping          |     1 |     2 ||     3
Armor: Leather armour    |    14 |    25 ||    39
Dodge: Dodged            |    59 |   184 ||   243

Table legend: (Time is in decaauts)
 A = Elapsed time spent in this place.
 B = Non-inter-level travel time spent in this place.
 C = Inter-level travel time spent in this place.
 D = Time resting spent in this place.
 E = Time spent auto-exploring this place.
 F = Levels seen in this place.
 G = Mean time per level.
                   A        B        C        D        E       F      G
               +--------+--------+--------+--------+--------+-----+--------+
         Total |   3431 |   3239 |    192 |    408 |   2161 |   4 |  857.8 |
       Dungeon |   3431 |   3239 |    192 |    408 |   2161 |   4 |  857.8 |
               +--------+--------+--------+--------+--------+-----+--------+

Top non-repeatable levels by time:
     D:3: 1586 daAuts
     D:1: 991 daAuts
     D:2: 704 daAuts
     D:4: 149 daAuts
